 Dungeon Crawl Stone Soup version 0.25-a0-663-gace7076f2c (webtiles) character file.

Game seed: 10553057775049617846, levelgen mode: deterministic

5338 MisterFreud the Nimble (level 10, -6/76 HPs)
             Began as a Felid Berserker on Mar 25, 2020.
             Was the Champion of Trog.
             Mangled by a spiny frog (12 damage)
             ... on level 1 of the Lair of Beasts.
             The game lasted 00:21:27 (11307 turns).

MisterFreud the Nimble (Felid Berserker)           Turns: 11307, Time: 00:21:28

Health: -6/76      AC: 25    Str: 13    XL:     10   Next: 38%
Magic:  15/15      EV:  4    Int:  8    God:    Trog [******]
Gold:   779        SH:  0    Dex: 23    Spells: 9/9 levels left
                                        Lives:  0   Deaths: 3

rFire    . . .     SeeInvis +     - Unarmed
rCold    . . .     Gourm    .   (shield unavailable)
rNeg     + + +     Faith    .   (armour unavailable)
rPois    +         Spirit   .   (helmet unavailable)
rElec    .         Reflect  .   (cloak unavailable)
rCorr    +         Harm     .   (gloves unavailable)
MR       +++..     NoTele   +   (boots unavailable)
Stlth    ++........             (no amulet)
HPRegen  1.22/turn              g - ring of resist corrosion
MPRegen  0.14/turn              m - +3 ring of dexterity

@: confused, tree-form, berserk cooldown, regenerating (expiring), slowed, very
slow
A: very small, no armour, no weapons or thrown items, stealth, see invisible,
carnivore, slow metabolism 1
a: Berserk, Trog's Hand, Brothers in Arms, Renounce Religion


You were on level 1 of the Lair of Beasts.
You worshipped Trog.
Trog was exalted by your worship.
You were full.
You were a tree.
You visited 2 branches of the dungeon, and saw 12 of its levels.

You collected 779 gold pieces.

Inventory:

Jewellery
 g - a ring of resist corrosion (left branch)
 m - a +3 ring of dexterity (right branch)
 t - an uncursed ring of ice
 w - an uncursed ring of fire
Wands
 o - a wand of iceblast (3)
 v - a wand of digging (2)
 y - a wand of flame (16)
 B - a wand of paralysis (11)
 C - a wand of random effects (10)
 D - a wand of polymorph (8)
 E - a wand of enslavement (9)
Scrolls
 b - 3 scrolls of blinking
 c - a scroll of amnesia
 i - a scroll of noise {unknown}
 k - 4 scrolls of teleportation
 l - a scroll of fog
 q - a scroll of enchant weapon {unknown}
 r - a scroll of immolation {unknown}
 s - 4 scrolls of remove curse
 u - 2 scrolls of fear
 z - a scroll of magic mapping {unknown}
 A - 2 scrolls of vulnerability
Potions
 d - 3 potions of curing
 e - 4 potions of brilliance
 f - 2 potions of berserk rage
 h - a potion of degeneration {unknown}
 n - 2 potions of lignification
 p - 2 potions of might
 x - 2 potions of mutation
 F - 2 potions of cancellation
 G - 3 potions of flight {unknown}
Comestibles
 a - 21 rations


   Skills:
 - Level 10.0 Fighting
 + Level 14.1 Dodging
 - Level 10.0 Stealth
 - Level 10.0 Unarmed Combat
 - Level 6.0 Evocations


You had 9 spell levels left.
You didn't know any spells.
Your spell library was empty.

Dungeon Overview and Level Annotations

Branches:
Dungeon (11/15)            Temple (0/1) D:7            Lair (1/6) D:11
    Orc: D:9-12

Altars:
Ashenzari
Cheibriados
Dithmenos
Elyvilon
Gozag
Kikubaaqudgha
Makhleb
Ru
Uskayaw
The Shining One

Shops:
D:9 :

Annotations:
D:3 2 transporters, Alarkh's ghost, weakling DsMo
D:9 exclusions: electric eel and 1 more exclusion


Innate Abilities, Weirdness & Mutations

You cannot wear armour.
You are incapable of wielding weapons or throwing items.
Your paws allow you to move quietly. (Stealth)
((You have sharp claws.))
((You have razor-sharp teeth.))
You have supernaturally acute eyesight. (SInv)
You are carnivorous and can eat meat at any time.
((You cover ground quickly.))
((You are covered in thick fur. (AC +2)))
You have a slow metabolism.
((Your sharp claws are effective at attacking unaware monsters.))


Message History

You are exhausted.
You feel yourself slow down. The wolf completely misses you. x2
Really quaff the potion of lignification?
You turn into a tree.
Your roots penetrate the ground.
The wolf bites you but does no damage. x4
You are confused.
You feel invigorated.
You feel the effects of Trog's Hand fading.
The wolf bites you but does no damage. x4; The spiny frog stings you.
* * * LOW HITPOINT WARNING * * *
The wolf bites you but does no damage. x2
You cannot move. (Use ctrl+direction or * direction to attack without moving.)
You cannot move. (Use ctrl+direction or * direction to attack without moving.)
You cannot move. (Use ctrl+direction or * direction to attack without moving.)
You miss the wolf. The wolf bites you but does no damage.
The spiny frog stings you!
* * * LOW HITPOINT WARNING * * *
The wolf bites you but does no damage. The wolf completely misses you.
The wolf bites you but does no damage. The spiny frog stings you!
You die...

....................##.##.#
............................
............................
....<.......................
###....##.###+###...........
#....#.###..###....#..#.##
#........^.hh##....#......
.......#...hhhh#.........(.
#.#....##....h†#♣F...#......
.##....##...hhh##h..........
# #....##....hh##...........
#....#......h.+...........
P....#####.##h.♣..........
###..♣.........##
♣♣..%..........
♣...............
♣.h...........♣♣


You could see a spiny frog and 7 wolves.

Vanquished Creatures
  Pikel (D:6)
  A manticore (D:11)
  An ugly thing (D:11)
  A cyclops (D:11)
  3 centaur zombies (D:11)
  2 gargoyles
  Maggie (D:6)
  A rime drake (Lair:1)
  A komodo dragon (Lair:1)
  A meliai (D:11)
  A troll (D:11)
  A hornet (D:7)
  3 blink frogs (Lair:1)
  Grinder (D:3)
  A shadow (D:11)
  3 yaks (Lair:1)
  A wyvern (D:10)
  An acid dragon (D:9)
  A water moccasin (Lair:1)
  3 porcupines (Lair:1)
  An ice beast (D:9)
  2 orc warriors
  3 black bears
  5 ogres
  2 necrophages
  3 sky beasts
  15 wolves (Lair:1)
  16 centaurs
  2 crocodiles (Lair:1)
  Blork the orc (D:6)
  9 big kobolds
  9 bullfrogs
  A water moccasin zombie (D:5)
  A gnoll sergeant (D:7)
  2 scorpions
  3 wights (D:5)
  4 killer bees (D:10)
  3 howler monkeys
  An electric eel (D:9)
  5 crimson imps
  2 quasits
  5 hounds
  A bullfrog zombie (D:11)
  4 orc priests
  A jelly (D:5)
  3 bullfrog skeletons
  A centaur skeleton (D:7)
  6 iguanas
  7 orc wizards
  Natasha (thrice) (D:3)
  9 worker ants
  3 hound skeletons
  A howler monkey zombie (D:7)
  3 worker ant zombies
  17 gnolls
  3 howler monkey skeletons
  11 adders
  7 shadow imps
  3 adder skeletons
  A worm (D:4)
  3 dart slugs (D:1)
  9 leopard geckos
  32 orcs
  2 bat zombies (D:8)
  3 giant cockroaches
  32 goblins
  24 hobgoblins
  5 jackals
  4 quokkas
  A ball python (D:3)
  12 bats
  5 frilled lizards
  2 goblin skeletons (D:5)
  2 goblin zombies (D:5)
  2 hobgoblin zombies (D:5)
  A jackal skeleton (D:2)
  17 kobolds
  A kobold zombie (D:5)
  A leopard gecko skeleton (D:7)
  3 orc skeletons (D:5)
  An orc zombie (D:5)
  6 rats
  A rat zombie (D:8)
377 creatures vanquished.

Vanquished Creatures (others)
  A centaur skeleton (D:6)
  An adder (D:6)
  A quokka (D:4)
  A kobold (D:3)
4 creatures vanquished.

Grand Total: 381 creatures vanquished

Notes
Turn   | Place    | Note
-------+----------+-------------------------------------------
     0 | D:1      | MisterFreud the Felid Berserker began the quest for the
                  | Orb.
     0 | D:1      | Reached XP level 1. HP: 10/10 MP: 2/2
   172 | D:1      | Reached XP level 2. HP: 7/14 MP: 3/3
   607 | D:1      | Reached XP level 3. HP: 14/18 MP: 4/4
   639 | D:1      | Reached ** piety under Trog
  1133 | D:2      | Found a snail-covered altar of Cheibriados.
  1328 | D:2      | Reached XP level 4. HP: 14/22 MP: 5/5
  1388 | D:3      | Found a shadowy altar of Dithmenos.
  1416 | D:3      | Noticed Grinder
  1426 | D:3      | Killed Grinder
  1426 | D:3      | Reached XP level 5. HP: 28/28 MP: 6/6
  1622 | D:3      | Found a transporter.
  1664 | D:3      | Noticed Natasha
  1666 | D:3      | Killed from afar by Natasha
  1667 | D:3      | Reached XP level 4. HP: 0/24 MP: 5/5
  1691 | D:3      | Noticed Alarkh's ghost (weakling DsMo)
  1697 | D:3      | Killed Natasha
  1697 | D:3      | Reached skill level 1 in Stealth
  1697 | D:3      | Reached XP level 5. HP: 21/28 MP: 6/6
  1721 | D:3      | Found a transporter.
  1723 | D:3      | Noticed Natasha
  1733 | D:3      | Killed Natasha
  1735 | D:3      | Found a sacrificial altar of Ru.
  2215 | D:3      | Noticed Natasha
  2222 | D:3      | Killed Natasha
  2222 | D:3      | Gained mutation: You are covered in thick fur. (AC +2)
                  | [Felid growth]
  2222 | D:3      | Reached XP level 6. HP: 18/31 MP: 7/7
  2541 | D:4      | Reached *** piety under Trog
  2668 | D:4      | Found a white marble altar of Elyvilon.
  2675 | D:4      | Reached skill level 5 in Dodging
  3020 | D:4      | Found an opulent altar of Gozag.
  3075 | D:4      | Reached XP level 7. HP: 35/35 MP: 8/8
  3642 | D:5      | Entered Level 5 of the Dungeon
  3642 | D:5      | Found a glowing golden altar of the Shining One.
  3662 | D:5      | Found a shattered altar of Ashenzari.
  3665 | D:5      | Reached skill level 6 in Dodging
  3687 | D:5      | Reached skill level 5 in Stealth
  3864 | D:5      | Reached skill level 5 in Unarmed Combat
  3973 | D:5      | Found a hide-covered altar of Uskayaw.
  4120 | D:5      | Reached **** piety under Trog
  4120 | D:5      | Reached skill level 7 in Dodging
  4135 | D:5      | Reached XP level 8. HP: 31/39 MP: 9/9
  5300 | D:5      | Reached skill level 8 in Dodging
  5356 | D:5      | Reached ***** piety under Trog
  5507 | D:5      | Reached skill level 9 in Dodging
  5556 | D:5      | Reached skill level 10 in Dodging
  6040 | D:6      | Reached XP level 9. HP: 37/42 MP: 10/10
  6090 | D:6      | Noticed Pikel
  6114 | D:6      | Killed Pikel
  6164 | D:6      | Noticed Blork the orc
  6171 | D:6      | Killed Blork the orc
  6233 | D:6      | Noticed Maggie
  6237 | D:6      | Killed Maggie
  6580 | D:7      | Found a staircase to the Ecumenical Temple.
  6604 | D:7      | Reached skill level 1 in Evocations
  6857 | D:7      | Reached XP level 10. HP: 46/48 MP: 12/12
  6982 | D:7      | Found a burning altar of Makhleb.
  7985 | D:8      | Found an ancient bone altar of Kikubaaqudgha.
  8491 | D:9      | Found Qafoezos's Book Boutique.
  9209 | D:9      | Noticed a gargoyle
  9216 | D:9      | Killed a gargoyle
  9423 | D:10     | Entered Level 10 of the Dungeon
  9444 | D:10     | Reached ****** piety under Trog
  9630 | D:10     | Reached skill level 11 in Dodging
  9672 | D:10     | Reached skill level 10 in Stealth
 10248 | D:11     | Noticed a purple ugly thing
 10268 | D:11     | Killed a purple ugly thing
 10270 | D:11     | Noticed a manticore
 10281 | D:11     | Killed a manticore
 10281 | D:11     | Reached XP level 11. HP: 10/53 MP: 15/15
 10291 | D:11     | Reached skill level 5 in Evocations
 10302 | D:11     | Identified the cursed +0 broad axe of Wealth {vorpal,
                  | Str+3}
 10515 | D:11     | Noticed a death knight
 10869 | D:11     | Noticed an unseen horror
 10899 | D:11     | Reached skill level 12 in Dodging
 10909 | D:11     | Found a staircase to the Lair.
 10934 | D:11     | Noticed an eight-headed hydra
 10941 | Lair:1   | Entered Level 1 of the Lair of Beasts
 10949 | Lair:1   | Impaled on a porcupine's spines
 10950 | Lair:1   | Reached XP level 10. HP: -1/51 MP: 15/15
 11010 | Lair:1   | Reached skill level 10 in Unarmed Combat
 11025 | Lair:1   | Reached skill level 10 in Fighting
 11135 | Lair:1   | Reached skill level 13 in Dodging
 11136 | Lair:1   | Slain by a blink frog
 11137 | Lair:1   | Reached XP level 9. HP: -5/46 MP: 14/14
 11180 | Lair:1   | Noticed a komodo dragon
 11187 | Lair:1   | Killed a komodo dragon
 11187 | Lair:1   | Reached XP level 10. HP: 51/51 MP: 15/15
 11289 | Lair:1   | Reached skill level 14 in Dodging
 11289 | Lair:1   | HP: 3/76 [wolf (10)]
 11297 | Lair:1   | Noticed a spiny frog
 11307 | Lair:1   | Mangled by a spiny frog

Levels and vault maps discovered:
D:1:      minmay_arrival_cross, layout_loops_ring
D:2:      layout_basic, cheibriados_altar_1
D:3:      layout_basic, lemuel_crystal_altar,
          nicolae_ru_great_annihilating_truth, gammafunk_ghost_stat_death,
          first_ration, uniq_natasha, uniq_grinder
D:4:      layout_basic, nicolae_gozag_cash_rules_everything_around_me,
          elyvilon_altar_4
D:5:      minmay_goblin_kobold_castle, layout_rooms, overflow_temple_1_default,
          nicolae_tso_besieged_by_evil, evilmike_ruin_ashenzari
D:6:      layout_basic, serial_glass, glass_columns_b, glass_columns_c,
          glass_columns_c, hangedman_decor_clover_reticule, uniq_blork_the_orc,
          uniq_pikel, uniq_maggie
D:7:      layout_rooms, kennysheep_mini, nicolae_overflow_hidden_temple,
          minmay_temple_entry_mist
D:8:      layout_basic, lemuel_zombie_altar_kikubaaqudgha, serial_glass,
          glass_columns_a, glass_columns_a
D:9:      layout_roguey, serial_shops, shop_fountains, serial_bayou,
          serial_bayou_pond_e, serial_bayou_pond_d, serial_bayou_lagoon_b,
          serial_bayou_shore_b, serial_bayou_lagoon_a, serial_bayou_shore_b,
          grunt_ogre_cave, corexii_checkpoint_a
D:10:     layout_rooms, eino_small_chamber_without_monster
D:11:     minmay_the_grid_octo_tiled_octocenter_mashed
          [minmay_the_grid_octo_checkered, minmay_the_grid_octo_fan_narrow,
          minmay_the_grid_octo_odd_swirl, minmay_the_grid_octo_chip,
          minmay_the_grid_octo_prize_big_c,
          minmay_the_grid_square_5x5_hourglass,
          minmay_the_grid_square_5x5_six_small,
          minmay_the_grid_square_5x5_three_small,
          minmay_the_grid_square_5x5_beaten_path], layout_rooms,
          lair_entry_dummy, minmay_misc_feat_plants, glass_columns_c,
          uniq_snorg, uniq_sonja
Lair:1:   layout_regular_city, grunt_forest_large_clearings

Skill      XL: |  1  2  3  4  5  6  7  8  9 10 11 |
---------------+----------------------------------+-----
Fighting       | 4 6 8 10 | 10.0
Stealth        | 1 2 4 6 8 10 | 10.0
Dodging        | 5 7 10 14 12 | 14.1
Unarmed Combat | 4 5 6 8 10 | 10.0
Evocations     | 1 4 6 |  6.0

Action                   |  1- 3 |  4- 6 |  7- 9 | 10-12 || total
-------------------------+-------+-------+-------+-------++-------
Melee: Unarmed           |   105 |   153 |   489 |   487 ||  1234
       Bite              |     5 |    23 |    63 |    63 ||   154
       Punch             |       |     2 |    16 |    25 ||    43
Invok: Berserk           |     3 |     6 |    12 |     9 ||    30
       Trog's Hand       |       |       |     1 |     5 ||     6
Evoke: Wand              |       |       |       |     5 ||     5
  Use: Scroll            |       |       |    10 |     8 ||    18
       Potion            |       |       |       |     4 ||     4
 Stab: Distracted        |     1 |       |       |     1 ||     2
       Paralysed         |       |     1 |       |     1 ||     2
       Sleeping          |       |     1 |    11 |    19 ||    31
  Eat: Chunk             |     9 |    14 |    22 |    21 ||    66
Armor: Skin              |     9 |     6 |    18 |    25 ||    58
Dodge: Dodged            |   106 |   131 |   511 |   593 ||  1341

Table legend:
 A = Non-vault XP
 B = Vault XP
 C = Vault XP percentage of total XP
 D = Non-vault monster count
 E = Vault monster count
 F = Vault count percentage of total count
                 A         B        C        D         E       F
            +---------+---------+-------+---------+---------+-------
      Total |   13234 |    7533 |  36.3 |     259 |     119 |  31.5
            +---------+---------+-------+---------+---------+-------
        D:1 |      46 |       0 |   0.0 |      25 |       0 |   0.0
        D:2 |      51 |       0 |   0.0 |      11 |       0 |   0.0
        D:3 |     174 |     320 |  64.8 |      20 |       6 |  23.1
        D:4 |     446 |       4 |   0.9 |      27 |       2 |   6.9
        D:5 |     972 |     617 |  38.8 |      31 |      68 |  68.7
        D:6 |     664 |    1178 |  64.0 |      11 |       3 |  21.4
        D:7 |    1493 |       0 |   0.0 |      30 |       0 |   0.0
        D:8 |    1022 |       5 |   0.5 |      21 |       3 |  12.5
        D:9 |    1330 |     116 |   8.0 |      15 |       2 |  11.8
       D:10 |    1493 |       0 |   0.0 |      35 |       0 |   0.0
       D:11 |    2570 |    3427 |  57.1 |      18 |      19 |  51.4
     Lair:1 |    2973 |    1866 |  38.6 |      15 |      16 |  51.6
            +---------+---------+-------+---------+---------+-------
